 Dungeon Crawl Stone Soup version 0.31-a0-354-g827e0957a7 (webtiles) character file.

Game seed: 5535841444092780372

53 LeprechaunX the Ruffian (level 3, 0/24 HPs)
             Began as an Octopode Shapeshifter on July 24, 2023.
             Slain by a gnoll
             ... wielding a +0 flail
              (4 damage)
             ... on level 2 of the Dungeon.
             The game lasted 00:01:16 (1017 turns).

LeprechaunX the Ruffian (Octopode Shapeshifter)     Turns: 1017, Time: 00:01:17

Health: 0/24       AC:  5    Str: 16    XL:     3   Next: 87%
Magic:  3/3        EV: 13    Int: 10    God:
Gold:   83         SH:  0    Dex: 12    Spells: 2/2 levels left

rFire   . .          .
                       - Unarmed
rCold   . . .        (no shield)
rNeg    . . .        (helmet currently unavailable)
rPois   .            (no amulet)
rElec   .            d - +4 ring of protection
rCorr   .            (no ring)
SInv    .            (no ring)
Will    .....        (no ring)
Stlth   ++           (no ring)
HPRegen 0.24/turn    (no ring)
MPRegen 0.08/turn    (no ring)
                     (no ring)

%: no passive effects
@: beast-form
A: beast (slay +2), almost no armour, amphibious, 8 rings, camouflage 1,
gelatinous body 1, (nimble swimmer 1), tentacles
a: Begin Untransformation


You were on level 2 of the Dungeon.
You were a hulking beast.
You visited 1 branch of the dungeon, and saw 2 of its levels.

You collected 83 gold pieces.

Inventory:

Armour
 g - a +2 kite shield
Jewellery
 d - a +4 ring of protection (left tentacle)
 h - a +5 ring of evasion
 j - a ring of wizardry
Talismans
 b - a beast talisman
Scrolls
 e - a scroll of enchant armour {unknown}
 f - a scroll of teleportation {unknown}
 l - a scroll of summoning {unknown}
Potions
 a - a potion of lignification
 c - 3 potions of enlightenment {unknown}
 i - 2 potions of degeneration {unknown}
 k - a potion of brilliance {unknown}


   Skills:
 + Level 1.7 Fighting
 + Level 2.4 Dodging
 + Level 0.8 Shields
 * Level 3.7 Unarmed Combat
 + Level 3.2 Shapeshifting


You had 2 spell levels left.
You didn't know any spells.
Your spell library was empty.

Dungeon Overview and Level Annotations

Branches:
Dungeon (2/15)

Altars:

Shops:
D:1 :


Innate Abilities, Weirdness & Mutations

You are a hulking beast.
Your limbs bulge with bestial killing power. (Slay +2)
You cannot wear most types of armour.
You are amphibious.
You can wear up to eight rings at the same time.
Your skin changes colour to match your surroundings (Stealth+).
Your rubbery body absorbs attacks. (AC +1, EV +1)
((You are camouflaged when in or above water. (Stealth+)))
You have tentacles for arms and can constrict up to eight enemies at once.


Message History

The gnoll is lightly wounded.
You constrict the gnoll. The gnoll completely misses you.
You tentacle-slap the gnoll. You squeeze the gnoll!
You kill the gnoll!
The gnoll misses you.
The gnoll hits you from afar with a +0 halberd!
You are too injured to fight recklessly!
You are too injured to fight recklessly!
You are too injured to fight recklessly!
You are too injured to fight recklessly!
You are too injured to fight recklessly!
You are too injured to fight recklessly!
You are too injured to fight recklessly!
You are too injured to fight recklessly!
You are too injured to fight recklessly!
You are too injured to fight recklessly!
You are too injured to fight recklessly!
You are too injured to fight recklessly!
You are too injured to fight recklessly!
You are too injured to fight recklessly!
You are too injured to fight recklessly!
You are too injured to fight recklessly!
Unknown command.
You completely miss the gnoll. Your grab misses the gnoll.
The gnoll barely misses you.
The gnoll hits you from afar with a +0 halberd.
You tentacle-slap the gnoll. Your grab misses the gnoll.
Your squeeze misses the gnoll.
The gnoll is lightly wounded.
The gnoll hits you with a +0 flail.
* * * LOW HITPOINT WARNING * * *
The gnoll hits you from afar with a +0 halberd.
* * * LOW HITPOINT WARNING * * *
The gnoll attacks as you move away! The gnoll closely misses you.
The gnoll attacks as you move away! The gnoll closely misses you.
The gnoll closely misses you. x2
You tentacle-slap the gnoll. Your grab misses the gnoll.
The gnoll is lightly wounded.
The gnoll hits you with a +0 flail.
You die...

.. #.# ... #.# #######
...####+#.#### ...#..
...>.........# #..###.#.#
......)...##.# #.........
.........###.# #...##.#..
..........g#.#####.........
#........#g#.....#.#.#.##.#
#.....)g.#h#####.#.. #.....
#........+.# #.#.#####...
#........#.#####'#.#.......
#........#.................
###...##.#.........#......#
..[. #.#............###.#
?.... #.#.........##...#.#
#.##........####.#.#
#...............^...


You could see 2 gnolls.

Vanquished Creatures
  Natasha (D:2)
  A gnoll (D:2)
  3 endoplasms
  2 giant cockroaches (D:2)
  2 goblins (D:1)
  3 hobgoblins
  A kobold (D:2)
  2 ball pythons (D:2)
  A bat (D:2)
  A rat (D:1)
17 creatures vanquished.

Notes
Turn   | Place    | Note
-------+----------+-------------------------------------------
     0 | D:1      | LeprechaunX the Octopode Shapeshifter began the quest for
                  | the Orb.
     0 | D:1      | Reached XP level 1. HP: 13/13 MP: 1/1
    54 | D:1      | Found Ajounk's Book Emporium.
    63 | D:1      | Found a faded altar of an unknown god.
   306 | D:1      | Reached XP level 2. HP: 18/18 MP: 2/2
   742 | D:2      | Noticed Natasha
   751 | D:2      | Killed Natasha
   752 | D:2      | Reached XP level 3. HP: 1/23 MP: 3/3
  1017 | D:2      | Slain by a gnoll

Illustrated notes

Levels and vault maps discovered:
D:1:      co_arrival_square_in_a_square_in_a_square, layout_basic, serial_shops,
          shop, ebering_ecumenical_altar_box, serial_bayou_pond_e
D:2:      layout_basic, minmay_box_of_dots, uniq_natasha, uniq_terence

Action                     || total
---------------------------++-------
  Melee: Unarmed           ||    34
         Constrict         ||     7
         Tentacles         ||     7
   Stab: Sleeping          ||     3
         Distracted        ||     1
 Armour: Skin              ||     2
  Dodge: Dodged            ||    24

Table legend: (Time is in decaauts)
 A = Elapsed time spent in this place.
 B = Non-inter-level travel time spent in this place.
 C = Inter-level travel time spent in this place.
 D = Time resting spent in this place.
 E = Time spent auto-exploring this place.
 F = Levels seen in this place.
 G = Mean time per level.
                   A        B        C        D        E       F      G
               +--------+--------+--------+--------+--------+-----+--------+
         Total |   1013 |    956 |     57 |    193 |    638 |   2 |  506.5 |
       Dungeon |   1013 |    956 |     57 |    193 |    638 |   2 |  506.5 |
               +--------+--------+--------+--------+--------+-----+--------+

Top non-repeatable levels by time:
     D:1: 597 daAuts
     D:2: 416 daAuts
